AoeStats
← NotGG

African Clearing

510822659Analyzed
3v3 RM · 9h ago on Oct 2, 2026· 40m 52s· 6 players
Game mode
Random Map
Map size
Normal (6 player)
Population
200
Speed
Normal
Resources
Standard
Victory
Conquest
Starting age
Dark Age
Ending age
Imperial Age
RankedLock teamsTeams togetherTeam positionsShared explorationLock speedFull tech treeHidden civsTurbo modeCheats
Victory
Defeat
🇬🇧 Danes · United Kingdom
1278
+14
🇬🇧 Ethiopians · United Kingdom
1277
+14
🇬🇧 Saxons · United Kingdom
1244
+15
🇹🇷 Mongols · Türkiye
1319
-18
🇦🇷 Vietnamese · Argentina
1191
-13
🇩🇪 Japanese · Germany
1169
-12
ScotJ
4:07 Loom
8:02 Loom
8:08 Loom
11:39 Feudal Age
12:52 Double-Bit Axe
15:09 Horse Collar
22:13 Wheelbarrow
21:50 Gold Mining
24:02 Castle Age
22:43 Fletching
24:57 Padded Archer Armor
25:31 Bodkin Arrow
24:59 Crossbowman
25:59 Bow Saw
25:49 Heavy Plow
26:24 Thumb Ring
28:31 Gold Shaft Mining
30:10 Leather Archer Armor
33:34 Ballistics
33:46 Scale Barding Armor
33:44 Husbandry
33:53 Town Watch
36:37 Hand Cart
41:14 Imperial Age
leech
11:02 Loom
13:44 Feudal Age
15:23 Double-Bit Axe
17:58 Castle Age
16:19 Gold Mining
17:08 Horse Collar
18:00 Scale Barding Armor
18:12 Forging
18:49 Husbandry
22:29 Forging
24:13 Bloodlines
25:04 Wheelbarrow
24:42 Bow Saw
27:30 Hand Cart
34:08 Imperial Age
32:27 Gambesons
32:42 Squires
32:28 Arson
32:46 Scale Mail Armor
34:55 Heavy Plow
36:03 Two-Man Saw
36:48 Elite Varangian Guard
37:29 Capped Ram
39:02 Conscription
38:55 Shield Wall
Nate The Great
5:37 Loom
12:56 Feudal Age
14:53 Double-Bit Axe
17:29 Castle Age
17:57 Horse Collar
19:15 Wheelbarrow
20:46 Bow Saw
20:37 Heavy Plow
27:58 Hand Cart
30:13 Scale Mail Armor
31:16 Forging
34:57 Imperial Age
32:56 Chain Mail Armor
33:53 Iron Casting
33:21 Squires
32:48 Hamask
36:28 Plate Mail Armor
36:59 Blast Furnace
36:23 Conscription
35:31 Elite Jomsviking
37:15 Capped Ram
39:18 Siege Ram
LT_OmniSK
6:13 Loom
12:23 Feudal Age
16:18 Forging
23:12 Castle Age
23:08 Scale Mail Armor
23:14 Pikeman
24:10 Chain Mail Armor
27:05 Fletching
27:42 Bloodlines
27:35 Padded Archer Armor
28:32 Wheelbarrow
27:21 Elite Skirmisher
29:10 Bodkin Arrow
31:01 Leather Archer Armor
31:39 Double-Bit Axe
35:01 Hand Cart
34:59 Bow Saw
42:35 Imperial Age
NotGG
3:42 Loom
12:00 Feudal Age
12:32 Double-Bit Axe
17:52 Castle Age
18:42 Wheelbarrow
17:53 Town Watch
18:52 Bow Saw
26:03 Squires
27:17 Pikeman
27:42 Arson
28:58 Scale Mail Armor
30:09 Horse Collar
32:33 Arson
33:16 Forging
33:22 Chain Mail Armor
37:20 Imperial Age
35:45 Fletching
37:21 Iron Casting
36:58 Gold Mining
36:59 Stone Mining
37:12 Heavy Plow
37:23 Bodkin Arrow
37:29 Padded Archer Armor
39:05 Chemistry
37:27 Elite Fire Lancer
38:53 Hand Cart
39:01 Town Patrol
Waldmann
6:11 Loom
14:22 Feudal Age
19:40 Castle Age
17:46 Stone Mining
18:32 Horse Collar
21:07 Gold Mining
22:05 Double-Bit Axe
22:22 Heavy Plow
27:44 Squires
29:59 Scale Mail Armor
31:35 Chain Mail Armor
35:31 Forging
41:47 Imperial Age
40:48 Wheelbarrow
39:58 Town Watch
Connection lost

Rejoining the realm…

Still unreachable

The connection could not be restored.

Session expired

The server has moved on; the page needs a fresh start.